 Dungeon Crawl Stone Soup version 0.30-a0-34-gbe8da3892a (webtiles) character file.

Game seed: 10625315016070522473

2403 ytrimaz the Changer (level 9, -8/53 HPs)
             Began as an Octopode Transmuter on Aug 28, 2022.
             Was an Initiate of Ashenzari.
             Mangled by a cyclops (29 damage)
             ... on level 7 of the Dungeon.
             The game lasted 00:07:19 (6066 turns).

ytrimaz the Changer (Octopode Transmuter)           Turns: 6066, Time: 00:07:20

Health: -8/53      AC:  2    Str:  9    XL:     9   Next: 47%
Magic:  17/19      EV: 19    Int: 19    God:    Ashenzari [......]
Gold:   744        SH:  0    Dex: 18    Spells: 13/22 levels left

rFire   . . .      SeeInvis .      - Unarmed
rCold   + . .      Faith    .    (shield currently unavailable)
rNeg    . . .      Spirit   .    (helmet currently unavailable)
rPois   x          Reflect  .    e - amulet "Shattered With Me" {Regen+, Melee, Cun} (curse)
rElec   .          Harm     .    j - ring of flight
rCorr   .          Rampage  .    g - ring of protection from cold
Will    .....                    (no ring)
Stlth   ++........               (no ring)
HPRegen 0.97/turn                (no ring)
MPRegen 0.16/turn                (no ring)
                                 (no ring)
                                 (no ring)

@: spider-form, flying
A: venomous fangs, almost no armour, (amphibious), 8 rings, tiny, (camouflage
1), (gelatinous body 1), (nimble swimmer 1), (tentacles)
a: End Transformation, Renounce Religion, Shatter the Chains


You were on level 7 of the Dungeon.
You worshipped Ashenzari.
Ashenzari was noncommittal.
You were a venomous arachnid creature.
You visited 2 branches of the dungeon, and saw 8 of its levels.

You collected 744 gold pieces.

Inventory:

Jewellery
 e - the cursed amulet "Shattered With Me" (around neck) {Regen+, Melee, Cun}
   (You found it on level 1 of the Dungeon)

   [amulet of regeneration]

   Regen:     It increases your rate of health regeneration.
   It has a curse which improves the following skills: Melee Combat: Short
   Blades, Long Blades, Axes, Maces & Flails, Polearms, Staves and Unarmed
   Combat.
   Cunning:   Dodging and Stealth.
 g - a ring of protection from cold (right front leg)
 h - a ring of ice
 j - a ring of flight (left front leg)
Wands
 d - a wand of flame (13)
 o - a wand of charming (6)
Scrolls
 k - 3 scrolls of butterflies
 n - 2 scrolls of magic mapping
Potions
 a - 2 potions of lignification
 b - 2 potions of attraction
 c - a potion of haste
 f - 3 potions of curing
 i - a potion of might {unknown}
 l - a potion of degeneration {unknown}
 m - 3 potions of heal wounds
 p - 2 potions of mutation {unknown}
 r - 2 potions of berserk rage


   Skills:
 - Level 1.0 Fighting
 - Level 2.0(2.3) Dodging
 - Level 4.2(4.6) Unarmed Combat
 + Level 7.1 Spellcasting
 + Level 7.9 Transmutations
 - Level 4.0 Ice Magic
 - Level 4.0 Poison Magic


You had 13 spell levels left.
You knew the following spells:

 Your Spells              Type           Power      Damage    Failure   Level
a - Ice Form              Ice/Tmut       29%        N/A       22%         4
b - Wereblood             Tmut           36%        N/A       3%          2
c - Spider Form           Tmut/Pois      29%        N/A       10%         3

Your spell library contained the following spells:

 Spells                   Type           Power      Damage    Failure   Level
 Beastly Appendage        Tmut           72%        N/A       3%          1
 Frozen Ramparts          Ice            44%        1d7       17%         3
 Ignite Poison            Fire/Tmut/Pois 21%        N/A       17%         3
 Foxfire                  Conj/Fire      24%        2x1d5     24%         1
 Slow                     Hex            24%        N/A       24%         1
 Mephitic Cloud           Conj/Pois/Air  11%        N/A       36%         3
 Call Canine Familiar     Summ           6%         N/A       52%         3
 Confusing Touch          Hex            6%         N/A       52%         3
 Conjure Flame            Conj/Fire      6%         6-21      52%         3
 Inner Flame              Hex/Fire       6%         N/A       52%         3
 Portal Projectile        Hex/Tloc       12%        N/A       52%         3
 Vampiric Draining        Necr           6%         2d6       52%         3
 Summon Ice Beast         Ice/Summ       14%        N/A       63%         4
 Cause Fear               Hex            3%         N/A       86%         4
 Flame Wave               Conj/Fire      6%         2d5       86%         4
 Leda's Liquefaction      Hex/Erth       3%         N/A       86%         4
 Freezing Cloud           Conj/Ice/Air   5%         6-21      95%         5
 Discord                  Hex            3%         N/A       100%        8


Dungeon Overview and Level Annotations

Branches:
Dungeon (7/15)             Temple (1/1) D:4

Altars:
Ashenzari
Cheibriados
Dithmenos
Elyvilon
Gozag
Hepliaklqana
Kikubaaqudgha
Makhleb
Nemelex Xobeh
Okawaru
Qazlal
Ru
Sif Muna
Trog
Uskayaw
Vehumet
Wu Jian
Zin
The Shining One

Shops:
D:3 [

Annotations:
D:3 2 runed translucent doors, flotson's ghost, amateur DsDe
D:4 3 runed translucent doors, flotson's ghost, amateur DsDe


Innate Abilities, Weirdness & Mutations

You are a venomous arachnid creature.
You have poisonous fangs.
You are tiny and dextrous.
Your spellcasting is less reliable in this form.
Your armour is entirely melded.
You are incapable of wielding weapons or throwing items.
You cannot wear most types of armour.
((You are amphibious.))
You can wear up to eight rings at the same time.
((Your skin changes colour to match your surroundings (Stealth+).))
((Your rubbery body absorbs attacks. (AC +1, EV +1)))
((You are camouflaged when in or above water. (Stealth+)))
((You have tentacles for arms and can constrict up to eight enemies at once.))


Message History

The ice beast is severely wounded.
The ice beast hits you. The ice beast freezes you. You resist.
Unknown command.
You punch the ice beast!
You kill the ice beast!
Your transformation is almost over.
You warm up again.
r - 2 potions of berserk rage (gained 1)
A cyclops comes into view.
A cyclops is nearby!
A cyclops is nearby!
Casting: Ice Form (dangerous; 9% risk of failure)
Confirm with . or Enter, or press ? or * to list all spells.
You turn into a venomous arachnid creature.
The cyclops shouts!
The cyclops throws a large rock.
The large rock hits you!!
Ouch! That really hurt!
The cyclops throws a large rock.
The large rock barely misses you.
Found a potion of heal wounds.
The cyclops misses you.
You hit the cyclops.
The cyclops is lightly wounded.
The cyclops hits you!
You hit the cyclops.
The cyclops is poisoned.
The cyclops is lightly wounded.
You hit the cyclops.
The cyclops looks as sick as possible!
The cyclops is lightly wounded.
The cyclops closely misses you.
You hit the cyclops but do no damage.
The cyclops looks as sick as possible!
The cyclops is moderately wounded.
The cyclops misses you.
You hit the cyclops.
The cyclops is moderately wounded.
You hit the cyclops.
The cyclops looks as sick as possible!
The cyclops is heavily wounded.
The cyclops hits you.
You hit the cyclops but do no damage.
The cyclops is heavily wounded.
The cyclops hits you!!
Ouch! That really hurt!
You die... # #. !. #.################## #.Cs................ ####################

You could see a cyclops (extremely poisoned).

Vanquished Creatures
  A shadow (D:5)
  A steam dragon (D:7)
  Duvessa (D:7)
  2 ice beasts
  A sky beast (D:6)
  3 black bears (D:5)
  An ogre (D:5)
  A phantom (D:5)
  A kobold brigand (D:7)
  5 scorpions
  Dowan (D:7)
  2 electric eels (D:6)
  A howler monkey (D:7)
  3 hounds (D:5)
  2 gnoll boudas
  An orc priest (D:4)
  8 iguanas
  5 orc wizards
  12 adders
  4 gnolls (D:7)
  2 shadow imps
  A white imp (D:6)
  3 ufetubi
  15 orcs
  3 bats
  5 endoplasms
  2 giant cockroaches
  12 hobgoblins
  3 jackals (D:3)
  5 kobolds
  2 quokkas
  5 ball pythons
  3 goblins
  7 rats
124 creatures vanquished.

Vanquished Creatures (others)
  A plant (D:2)
1 creature vanquished.

Grand Total: 125 creatures vanquished

Notes
Turn   | Place    | Note
-------+----------+-------------------------------------------
     0 | D:1      | ytrimaz the Octopode Transmuter began the quest for the
                  | Orb.
     0 | D:1      | Reached XP level 1. HP: 13/13 MP: 3/3
   225 | D:1      | Reached XP level 2. HP: 18/18 MP: 5/5
  1058 | D:2      | Reached XP level 3. HP: 20/23 MP: 4/6
  1061 | D:2      | Learned a level 2 spell: Wereblood
  1065 | D:2      | Learned a level 3 spell: Spider Form
  1230 | D:2      | Found a faded altar of an unknown god.
  1368 | D:3      | Found a runed translucent door.
  1373 | D:3      | Noticed flotson's ghost (amateur DsDe)
  1374 | D:3      | Noticed a bullfrog
  1384 | D:3      | Reached skill level 1 in Poison Magic
  1434 | D:3      | Found Sagh's Antique Armour Shop.
  1456 | D:3      | Found a runed translucent door.
  1570 | D:3      | Reached XP level 4. HP: 28/28 MP: 3/7
  1923 | D:4      | Noticed flotson's ghost (amateur DsDe)
  1923 | D:4      | Noticed a kobold brigand
  1923 | D:4      | Found a runed translucent gate.
  1923 | D:4      | Found a runed translucent gate.
  1923 | D:4      | Found a runed translucent gate.
  2093 | D:4      | Reached XP level 5. HP: 33/33 MP: 6/8
  2264 | D:4      | Learned a level 4 spell: Ice Form
  2446 | D:4      | Found a staircase to the Ecumenical Temple.
  2480 | Temple   | Entered the Ecumenical Temple
  2751 | Temple   | Became a worshipper of Ashenzari the Shackled
  3187 | D:5      | Entered Level 5 of the Dungeon
  3231 | D:5      | Noticed a phantom
  3362 | D:5      | Reached skill level 1 in Ice Magic
  3362 | D:5      | Reached XP level 6. HP: 28/38 MP: 3/10
  3455 | D:5      | Noticed an ice beast
  3498 | D:5      | Killed an ice beast
  3615 | D:5      | Reached XP level 7. HP: 43/43 MP: 8/12
  4199 | D:5      | Reached XP level 8. HP: 48/48 MP: 9/14
  4203 | D:5      | Reached skill level 5 in Transmutations
  4367 | D:5      | Reached skill level 5 in Spellcasting
  4399 | D:5      | Noticed a shadow
  4414 | D:5      | Killed a shadow
  5104 | D:6      | Reached XP level 9. HP: 53/53 MP: 13/18
  5189 | D:6      | Found a hazy altar of Hepliaklqana.
  5207 | D:6      | Identified a scroll of acquirement
  5472 | D:6      | Acquired 466 gold pieces
  5603 | D:7      | Noticed Dowan
  5603 | D:7      | Noticed Duvessa
  5714 | D:7      | Killed Duvessa
  5715 | D:7      | Killed Dowan
  6053 | D:7      | Noticed a cyclops
  6066 | D:7      | Mangled by a cyclops

Illustrated notes

Levels and vault maps discovered:
D:1:      evilmike_arrival_home_sweet_home, layout_basic
D:2:      layout_rooms, dreamdust_ecumenical_altar_hidden_monk_grotto
D:3:      layout_rooms, serial_shops, nicolae_shop_hallway_stairs,
          ebering_ghost_sewer_f
D:4:      layout_loops_ring, minmay_temple_entry_antechambers,
          gammafunk_ghost_nasty_kobolds, minmay_liquid_box, minivault_26,
          minivault_25, minmay_misc_feat_iff
D:5:      kennysheep_windowed_halls, layout_cave_pods,
          kennysheep_generic_room_15
D:6:      layout_loops_cross, mainiacjoe_overflow_24_doors,
          kennysheep_cross_room, minivault_14
D:7:      layout_basic, uniq_duvessa
Temple:   dpeg_five_rooms_temple

Skill      XL: |  1  2  3  4  5  6  7  8  9 |
---------------+----------------------------+-----
Unarmed Combat | 4 |  4.2
Poison Magic   | 1 2 3 4 |  4.0
Transmutations | 3 4 6 7 |  7.9
Ice Magic      | 1 3 4 |  4.0
Spellcasting   | 3 4 6 7 |  7.1
Fighting       | |  1.0
Dodging        | |  2.0

Action                   |  1- 3 |  4- 6 |  7- 9 || total
-------------------------+-------+-------+-------++-------
Melee: Unarmed           |    76 |    89 |   227 ||   392
       Constrict         |    23 |     6 |     5 ||    34
       Kick              |    14 |       |       ||    14
       Tentacles         |    13 |     5 |     8 ||    26
       Punch             |     3 |     1 |     1 ||     5
 Cast: Beastly Appendage |    14 |       |       ||    14
       Spider Form       |     3 |     6 |     5 ||    14
       Ice Form          |       |     2 |    19 ||    21
       Wereblood         |       |       |     1 ||     1
Invok: Curse Item        |       |       |     1 ||     1
Evoke: Wand              |       |       |     4 ||     4
  Use: Scroll            |    11 |     2 |     5 ||    18
       Potion            |       |     2 |     3 ||     5
 Stab: Sleeping          |     5 |     1 |     2 ||     8
       Distracted        |       |       |     1 ||     1
Armor: Skin              |    10 |    17 |   105 ||   132
Dodge: Dodged            |    51 |    55 |   144 ||   250

Table legend: (Time is in decaauts)
 A = Elapsed time spent in this place.
 B = Non-inter-level travel time spent in this place.
 C = Inter-level travel time spent in this place.
 D = Time resting spent in this place.
 E = Time spent auto-exploring this place.
 F = Levels seen in this place.
 G = Mean time per level.
                   A        B        C        D        E       F      G
               +--------+--------+--------+--------+--------+-----+--------+
         Total |   6045 |   5855 |    190 |    339 |   4397 |   8 |  755.6 |
       Dungeon |   5744 |   5582 |    162 |    339 |   4140 |   7 |  820.6 |
        Temple |    300 |    272 |     28 |      0 |    257 |   1 |  300.0 |
               +--------+--------+--------+--------+--------+-----+--------+

Top non-repeatable levels by time:
     D:5: 1543 daAuts
     D:4: 958 daAuts
     D:1: 910 daAuts
     D:6: 904 daAuts
     D:3: 611 daAuts
     D:7: 422 daAuts
     D:2: 394 daAuts
  Temple: 300 daAuts
